AoeStats
← TIMVP

Pilgrims

510180194Analyzed
2v2 RM · 1d ago on Sep 29, 2026· 68m 5s· 4 players
Game mode
Random Map
Map size
Medium (4 player)
Population
200
Speed
Normal
Resources
Standard
Victory
Conquest
Starting age
Dark Age
Ending age
Imperial Age
RankedLock teamsTeams togetherTeam positionsShared explorationLock speedFull tech treeHidden civsTurbo modeCheats
Victory
Defeat
🇩🇪 Vikings · Germany
711
+17
🇹🇷 Magyars · Türkiye
678
+18
🇵🇪 Romans · Peru
736
-18
🇵🇪 Chinese · Peru
722
-17
weachman
15:29 Feudal Age
16:20 Town Watch
16:25 Fishing Lines
17:05 Double-Bit Axe
16:57 Man-at-Arms
17:23 Arson
19:50 Gold Mining
20:07 Horse Collar
26:18 Castle Age
24:23 Stone Mining
25:38 Forging
25:19 Fletching
27:17 Bodkin Arrow
27:24 Scale Mail Armor
27:59 Iron Casting
27:35 Gillnets
27:46 Long Swordsman
28:51 Crossbowman
29:29 Bodkin Arrow
30:28 Chieftains
36:17 Imperial Age
37:22 Chain Mail Armor
38:08 Blast Furnace
37:08 Bracer
39:30 Gold Shaft Mining
39:43 Arbalester
40:30 Padded Archer Armor
40:34 Squires
47:18 Chemistry
46:25 Town Patrol
47:55 Plate Mail Armor
47:47 Ballistics
49:54 Heavy Plow
53:53 Murder Holes
53:51 Two-Handed Swordsman
54:49 Clinker Construction
54:49 Careening
54:49 Champion
56:35 Carvel Hull
59:48 Leather Archer Armor
65:41 Ring Archer Armor
67:35 Elite Berserk
Valar Dohaeris
4:31 Loom
14:35 Feudal Age
15:05 Town Watch
15:10 Double-Bit Axe
16:58 Bloodlines
18:46 Wheelbarrow
18:05 Horse Collar
24:01 Castle Age
23:41 Stone Mining
25:17 Heavy Plow
25:30 Bow Saw
26:42 Gold Mining
27:25 Scale Barding Armor
27:11 Fletching
28:04 Ballistics
33:47 Fishing Lines
35:47 Corvinian Army
37:59 Gillnets
49:10 Imperial Age
48:18 Pikeman
50:57 Scale Mail Armor
51:34 Halberdier
52:59 Chain Mail Armor
53:58 Conscription
54:29 Bodkin Arrow
55:52 Thumb Ring
56:12 Bracer
57:54 Padded Archer Armor
64:08 Two-Man Saw
63:42 Crop Rotation
A†ilA
13:46 Feudal Age
16:54 Wheelbarrow
16:05 Double-Bit Axe
16:04 Fishing Lines
24:58 Castle Age
26:23 Gillnets
27:04 Hand Cart
31:25 Imperial Age
TIMVP
11:08 Feudal Age
11:34 Double-Bit Axe
13:48 Fishing Lines
18:39 Castle Age
17:20 Stone Mining
20:06 Bow Saw
19:53 Horse Collar
22:34 Gillnets
27:42 Imperial Age
25:15 Gold Mining
25:31 Loom
26:22 Wheelbarrow
26:45 Scale Mail Armor
26:59 Forging
26:55 Scale Barding Armor
28:58 Conscription
29:35 Hand Cart
35:04 Chain Barding Armor
35:00 Chain Mail Armor
35:21 Iron Casting
35:07 Man-at-Arms
36:38 Plate Barding Armor
39:36 Blast Furnace
39:22 Comitatenses
38:25 Long Swordsman
39:47 Gold Shaft Mining
39:36 Legionary
43:07 Heavy Plow
43:27 Pikeman
44:09 Squires
45:53 Halberdier
49:13 Elite Centurion
55:06 Herbal Medicine
64:22 Heavy Scorpion
66:35 Husbandry
66:47 Bloodlines
65:58 Light Cavalry
Connection lost

Rejoining the realm…

Still unreachable

The connection could not be restored.

Session expired

The server has moved on; the page needs a fresh start.